 Dungeon Crawl Stone Soup version 0.28.0-47-ge53b351184 (webtiles) character file.

Game seed: 15271000700079023974

33 styxcanada the Covered (level 3, -1/33 HPs)
             Began as a Minotaur Fighter on May 4, 2022.
             Slain by a gnoll
             ... wielding a +0 flail
              (3 damage)
             ... on level 2 of the Dungeon.
             The game lasted 00:03:22 (1050 turns).

styxcanada the Covered (Minotaur Fighter)           Turns: 1050, Time: 00:03:23

Health: -1/33      AC:  9    Str: 22    XL:     3   Next: 12%
Magic:  2/2        EV:  7    Int:  5    God:
Gold:   35         SH:  4    Dex:  9    Spells: 2/2 levels left

rFire   . . .      SeeInvis .   a - +0 war axe
rCold   . . .      Faith    .   c - +0 buckler
rNeg    . . .      Spirit   .   h - +0 chain mail
rPois   .          Reflect  .   (helmet restricted)
rElec   .          Harm     .   (no cloak)
rCorr   .          Rampage  .   (no gloves)
Will    .....                   (no boots)
Stlth   ..........              (no amulet)
HPRegen 0.11/turn               (no ring)
MPRegen 0.08/turn               (no ring)

@: lethally poisoned (-1 -> -5)
A: horns 2, retaliatory headbutt
a: no special abilities


You were on level 2 of the Dungeon.
You visited 1 branch of the dungeon, and saw 2 of its levels.

You collected 35 gold pieces.

Inventory:

Hand Weapons
 a - a +0 war axe (weapon)
Missiles
 i - 27 stones (quivered)
Armour
 c - a +0 buckler (worn)
 h - a +0 chain mail (worn)
Scrolls
 b - 2 scrolls of magic mapping {unknown}
 e - 3 scrolls of immolation {unknown}
 f - a scroll of vulnerability {unknown}
Potions
 d - a potion of might
 g - 2 potions of resistance {unknown}


   Skills:
 + Level 4.0 Fighting
 + Level 3.0 Axes
 + Level 4.2 Armour
 + Level 3.9 Shields


You had 2 spell levels left.
You didn't know any spells.
Your spell library contained the following spells:

 Spells                   Type           Power      Damage    Failure   Level
 Blade Hands              Tmut           0%         N/A       100%        5
 Irradiate                Conj/Tmut      0%         3d14      100%        5
 Dragon Form              Tmut           0%         N/A       100%        7


Dungeon Overview and Level Annotations

Branches:
Dungeon (2/15)

Altars:


Innate Abilities, Weirdness & Mutations

You have a pair of horns on your head.
You reflexively headbutt those who attack you in melee.


Message History

A kobold comes into view. It is wielding a +0 dagger.
The kobold shouts!
A gnoll comes into view. It is wielding a +0 spear.
A gnoll comes into view. It is wielding a +0 flail.
The gnoll shouts!
A gnoll comes into view. It is wielding a +0 flail.
The hobgoblin closely misses you. You furiously retaliate!
You headbutt the hobgoblin, but do no damage.
The kobold barely misses you. You furiously retaliate!
You headbutt the kobold.
You kill the kobold!
You block the gnoll's attack.
You see here 7 gold pieces.
You closely miss the gnoll. You hit the hobgoblin.
You kill the hobgoblin!
An adder comes into view.
The gnoll hits you with a +0 flail.
A gnoll comes into view. It is wielding a +0 club.
You block the gnoll's attack.
The gnoll shouts!
The adder hisses angrily.
You hit the gnoll.
The gnoll is lightly wounded.
You hit the gnoll.
You hear an angry hiss.
You block the gnoll's attack.
The gnoll hits you but does no damage. x3
The gnoll hits you with a +0 flail.
You hit the gnoll. Your headbutt misses the gnoll.
The gnoll is lightly wounded.
You barely miss the gnoll. The gnoll hits you but does no damage.
The gnoll hits you with a +0 flail. The gnoll barely misses you.
Unknown command.
You hit the gnoll.
The gnoll is moderately wounded.
You barely miss the gnoll. The gnoll hits you with a +0 flail!
* * * LOW HITPOINT WARNING * * *
The gnoll hits you but does no damage. The adder bites you.
* * * LOW HITPOINT WARNING * * *
You are lethally poisoned!
The adder poisons you! The gnoll hits you but does no damage.
The gnoll hits you with a +0 flail.
You die...

###.# ... ..#.# .... #.#.##
.... ..... ..... #...####
....##gg....####
#..#gS.......###
#..@g..#......#.
#...............
####.....##........
.#.................##.........
........#..###.#.†............
.........#.#.....####........#
.........#.#.....# #........#
.........#.......# #........#
.........###.....# #........#


You could see 4 gnolls and an adder.

Vanquished Creatures
  A worm (D:2)
  2 dart slugs (D:1)
  A bat (D:1)
  5 endoplasms
  5 hobgoblins
  4 goblins (D:1)
  3 kobolds
  2 rats (D:1)
23 creatures vanquished.

Notes
Turn   | Place    | Note
-------+----------+-------------------------------------------
     0 | D:1      | styxcanada the Minotaur Fighter began the quest for the
                  | Orb.
     0 | D:1      | Reached XP level 1. HP: 19/19 MP: 0/0
   191 | D:1      | Reached XP level 2. HP: 26/27 MP: 1/1
   192 | D:1      | Found a faded altar of an unknown god.
  1043 | D:2      | Reached XP level 3. HP: 17/33 MP: 2/2
  1050 | D:2      | Slain by a gnoll

Illustrated notes

Levels and vault maps discovered:
D:1:      minmay_arrival_statue_studded, layout_loops_ring,
          ebering_ecumenical_altar_mist
D:2:      layout_rooms

Skill      XL: |  1  2 |
---------------+-------+-----
Armour         | 4 |  4.2
Fighting       | 4 |  4.0
Axes           | 3 |  3.0
Shields        | |  3.9

Action                   || total
-------------------------++-------
Melee: War axe           ||    39
       Headbutt          ||     6
Armor: Scale mail        ||    12
       Chain mail        ||     8
Dodge: Dodged            ||    14
Block: Buckler           ||     7
